 Dungeon Crawl Stone Soup version 0.30-a0-967-g9b59a09336 (webtiles) character file.

Game seed: 13080284912228546906

6069 Querens the Blocker (level 11, -8/89 HPs)
             Began as a Formicid Fighter on Mar 31, 2023.
             Was an Elder of Okawaru.
             Mangled by a soul eater (9 damage)
             ... summoned by a kobold demonologist
             ... on level 9 of the Dungeon.
             The game lasted 00:26:34 (6001 turns).

Querens the Blocker (Formicid Fighter)              Turns: 6001, Time: 00:26:35

Health: -8/89      AC: 18    Str: 31    XL:     11   Next: 11%
Magic:  14/16      EV: 11    Int:  8    God:    Okawaru [****..]
Gold:   405        SH:  8    Dex: 13    Spells: 10/10 levels left

rFire   . . .      SeeInvis +    g - +3 battleaxe
rCold   . . .      Faith    .    c - +0 buckler
rNeg    . . .      Spirit   .    G - +1 chain mail
rPois   +          Reflect  .    (helmet unavailable)
rElec   .          Rampage  +    (no cloak)
rCorr   .                        x - +0 pair of gloves
Will    +....                    w - +1 pair of boots {rampage} Stlth
                                 (no amulet)
HPRegen 0.34/turn                A - ring of poison resistance
MPRegen 0.15/turn                E - +6 ring of strength

@: heroic, studying Fighting
A: permanent stasis, dig shafts and tunnels, antennae 3, four strong arms
a: Dig, Shaft Self, Renounce Religion, Heroism, Finesse


You were on level 9 of the Dungeon.
You worshipped Okawaru.
Okawaru was greatly pleased with you.
You visited 2 branches of the dungeon, and saw 10 of its levels.
You also visited: Sewer.

You collected 405 gold pieces.

Inventory:

Hand Weapons
 g - a +3 battleaxe (weapon)
Missiles
 n - a javelin
 p - a throwing net
Armour
 c - a +0 buckler (worn)
 w - a +1 pair of boots of rampaging (worn)
 x - a +0 pair of gloves (worn)
 G - a +1 chain mail (worn)
Jewellery
 m - a ring of protection from cold
 u - a ring of wizardry
 A - a ring of poison resistance (left hand)
 E - a +6 ring of strength (right hand)
 F - a ring of magical power
Wands
 b - a wand of mindburst (10)
 k - a wand of iceblast (11)
Scrolls
 a - 2 scrolls of identify
 h - a scroll of poison
 i - a scroll of brand weapon
 l - 2 scrolls of noise
 o - 2 scrolls of immolation
 q - a scroll of vulnerability {unknown}
 r - 2 scrolls of amnesia
 s - a scroll of fog
 t - 2 scrolls of fear
 v - 3 scrolls of enchant armour
 y - 3 scrolls of blinking
 D - 2 scrolls of summoning
 H - a scroll of silence {unknown}
Potions
 d - 2 potions of might
 e - 3 potions of brilliance
 f - a potion of cancellation {unknown}
 j - 2 potions of lignification {unknown}
 z - a potion of magic {unknown}
 B - 3 potions of haste {unknown}
 C - 4 potions of mutation {unknown}


   Skills:
 + Level 9.5(14.5) Fighting
 + Level 7.7(12.7) Axes
 + Level 8.8(13.8) Armour
 + Level 10.5(15.5) Shields
 + Level 7.0 Invocations


You had 10 spell levels left.
You didn't know any spells.
Your spell library contained the following spells:

 Spells                   Type           Power      Damage    Failure   Level
 Kiss of Death            Conj/Necr      0%         2d5       83%         1
 Necrotise                Necr           0%         1d4       83%         1
 Ensorcelled Hibernation  Hex/Ice        0%         N/A       93%         2
 Lesser Beckoning         Tloc           0%         N/A       93%         2
 Momentum Strike          Conj/Tloc      0%         3d8       93%         2
 Static Discharge         Conj/Air       0%         2-2/arc   93%         2
 Confusing Touch          Hex            0%         N/A       99%         3
 Kindle Blastsparks       Fire/Tloc/Air  0%         2d10      99%         3
 Portal Projectile        Hex/Tloc       0%         N/A       99%         3
 Spider Form              Tmut/Pois      0%         N/A       99%         3
 Vampiric Draining        Necr           0%         2d6       99%         3
 Vhi's Electric Charge    Tloc/Air       0%         N/A       99%         3
 Anguish                  Hex/Necr       0%         N/A       100%        4
 Dispel Undead            Necr           0%         3d6       100%        4
 Fulminant Prism          Conj/Hex       0%         3d5       100%        4
 Iskenderun's Mystic Bla  Conj/Tloc      0%         2d3       100%        4
 Leda's Liquefaction      Hex/Erth       0%         N/A       100%        4
 Agony                    Necr           0%         N/A       100%        5
 Arcjolt                  Conj/Air       0%         1d10      100%        5
 Blade Hands              Tmut           0%         N/A       100%        5
 Borgnjor's Vile Clutch   Necr/Erth      0%         N/A       100%        5
 Lee's Rapid Deconstruct  Erth           0%         3d4*      100%        5
 Plasma Beam              Fire/Air       0%         2x1d7     100%        5
 Statue Form              Tmut/Erth      0%         N/A       100%        6
 Blink                    Tloc           Unusable   N/A       N/A         2
 Tukima's Dance           Hex            Unusable   N/A       N/A         3
 Animate Dead             Necr           Unusable   N/A       N/A         4
 Death Channel            Necr           Unusable   N/A       N/A         6

Dungeon Overview and Level Annotations

Branches:
Dungeon (9/15)             Temple (1/1) D:5           Sewer (visited)
   Lair: D:8-11         Orc: D:9-12

Altars:
Ashenzari
Cheibriados
Dithmenos
Elyvilon
Fedhas
Gozag
Hepliaklqana
Kikubaaqudgha
Makhleb
Nemelex Xobeh
Okawaru
Qazlal
Ru
Sif Muna
Trog
Uskayaw
Vehumet
Wu Jian
Xom
Yredelemnul
Zin
The Shining One

Shops:
D:1 (   D:5 =


Innate Abilities, Weirdness & Mutations

You cannot be hasted, slowed, berserked, paralysed or teleported.
You can dig through walls and to a lower floor.
You have a pair of large antennae on your head. (SInv)
Your four strong arms can wield two-handed weapons with a shield.


Message History

You closely miss the kobold demonologist.
The kobold demonologist is almost dead.
You slice the kobold!!
You kill the kobold!
Okawaru accepts your kill.
You hit the gnoll.
You kill the gnoll!
Okawaru accepts your kill.
You slice the ufetubus!!
You kill the ufetubus!
The ufetubus disappears in a puff of smoke!
You slash the soul eater! You hit the centaur. The sixfirhy hits you.
The sixfirhy shocks you!
* * * LOW HITPOINT WARNING * * *
You block the sixfirhy's attack. The sixfirhy closely misses you.
The centaur misses you. You block the centaur's attack. The sixfirhy hits you!
* * * LOW HITPOINT WARNING * * *
The sixfirhy shocks you!
* * * LOW HITPOINT WARNING * * *
The soul eater hits you but does no damage.
The centaur hits you but does no damage.
The centaur closely misses you. The gnoll barely misses you.
The kobold demonologist gestures wildly while chanting.
You block the gnoll sergeant's attack.
A kobold demonologist comes into view. It is wielding a +0 vampiric dagger.
The kobold demonologist shouts!
Unknown command.
As you read the scroll of fear, it crumbles to dust.
You assume a fearsome visage.
The red devil resists with almost no effort.
The centaur looks frightened!
The gnoll sergeant looks frightened!
The smoke demon looks frightened!
The gnoll looks frightened!
The soul eater resists with some effort.
The iron imp looks frightened!
The gnoll looks frightened!
The kobold demonologist looks frightened! x2
The kobold looks frightened! x2
The kobold demonologist looks frightened! x3
The kobold brigand looks frightened!
The quasit looks frightened!
The sixfirhy looks frightened!
The soul eater hits you!
You die...

..#....#..#..
#.#..........
#.#.#........
#.#....#.....
#.#.#.>......
########.....)g4.#
#....†.....8g8g8.###
####.######....K.5K....
#....# #...)@KcKK...
#....# #..#§3)5K...3
#....# #))#_).3..K.K
####.# #).#.!....#.#
#####.# #.))......# #
......# #...........
......# #...8.8.8.#..
......# ##........###
......# #.....###


You could see a soul eater (summoned), 5 kobold demonologists, a sixfirhy
(summoned, fleeing), a smoke demon (summoned, fleeing), a red devil (summoned),
a kobold brigand (fleeing), a gnoll sergeant (fleeing), a centaur (fleeing), an
iron imp (summoned, fleeing), a quasit (summoned, fleeing), 2 gnolls and 2
kobolds.

Vanquished Creatures
  A boulder beetle (D:8)
  Amaemon (D:8)
  An orange demon (D:8)
  A troll (D:9)
  A hornet (D:7)
  A wyvern (D:9)
  Edmund (D:6)
  A water moccasin (D:6)
  Pargi (Sewer)
  A black bear (D:6)
  2 ice beasts (D:6)
  4 sky beasts
  2 orc warriors
  An ogre (D:6)
  2 centaurs
  2 phantoms
  Blork the orc (D:4)
  3 kobold brigands
  3 gnoll sergeants
  3 bullfrogs
  17 wights
  A gnoll bouda (D:5)
  3 hounds
  5 jellies
  2 orc priests
  A sleepcap (D:6)
  Natasha (twice) (D:3)
  5 iguanas
  6 orc wizards
  14 gnolls
  9 adders
  2 river rats (D:5)
  An ufetubus (D:7)
  7 worms
  6 dart slugs
  20 orcs
  6 ball pythons
  8 bats
  7 endoplasms
  A giant cockroach (D:5)
  11 goblins
  8 hobgoblins
  4 jackals
  6 quokkas
  6 frilled lizards
  20 kobolds
  10 rats
221 creatures vanquished.

Vanquished Creatures (others)
  3 plants (D:5)
3 creatures vanquished.

Grand Total: 224 creatures vanquished

Notes
Turn   | Place    | Note
-------+----------+-------------------------------------------
     0 | D:1      | Querens the Formicid Fighter began the quest for the Orb.
     0 | D:1      | Reached XP level 1. HP: 18/18 MP: 1/1
    46 | D:1      | Reached XP level 2. HP: 18/24 MP: 2/2
   174 | D:1      | Reached XP level 3. HP: 21/29 MP: 3/3
   180 | D:1      | Found Rimuluawk's Antique Weapon Boutique.
   599 | D:2      | Reached XP level 4. HP: 37/37 MP: 4/4
  1108 | D:3      | Reached XP level 5. HP: 41/42 MP: 5/5
  1148 | D:3      | Reached skill level 5 in Shields
  1186 | D:3      | Noticed Natasha
  1192 | D:3      | Killed Natasha
  1249 | D:3      | Found an ornate altar of the Wu Jian Council.
  1557 | D:3      | Noticed Natasha
  1564 | D:3      | Killed Natasha
  1621 | D:3      | Reached XP level 6. HP: 5/49 MP: 6/6
  1621 | D:3      | HP: 2/49 [poisoned by an orc]
  2385 | D:4      | Noticed Blork the orc
  2390 | D:4      | Killed Blork the orc
  2391 | D:4      | Reached skill level 5 in Fighting
  2391 | D:4      | Reached skill level 6 in Shields
  2391 | D:4      | Reached XP level 7. HP: 51/56 MP: 7/7
  2427 | D:4      | Reached skill level 5 in Armour
  2456 | D:5      | Entered Level 5 of the Dungeon
  2636 | D:5      | Found a glowing drain.
  2640 | Sewer    | Entered a sewer
  2719 | Sewer    | Noticed Pargi
  2737 | Sewer    | Killed Pargi
  2862 | D:5      | Found Ekaymoyl's Jewellery Emporium.
  2917 | D:5      | Reached XP level 8. HP: 29/60 MP: 8/8
  3115 | D:5      | Reached skill level 7 in Shields
  3167 | D:5      | Found a staircase to the Ecumenical Temple.
  3173 | Temple   | Entered the Ecumenical Temple
  3219 | Temple   | Became a worshipper of Warmaster Okawaru
  3604 | D:6      | Reached skill level 1 in Invocations
  3706 | D:6      | Reached skill level 5 in Axes
  3816 | D:6      | Reached * piety under Okawaru
  3934 | D:6      | Noticed Edmund
  3950 | D:6      | Killed Edmund
  3951 | D:6      | Reached XP level 9. HP: 27/71 MP: 10/10
  4055 | D:6      | Reached skill level 8 in Shields
  4122 | D:6      | Reached ** piety under Okawaru
  4669 | D:7      | Found a burning altar of Makhleb.
  4831 | D:7      | Reached skill level 9 in Shields
  4849 | D:7      | Reached XP level 10. HP: 57/79 MP: 13/13
  4855 | D:7      | Reached *** piety under Okawaru
  4875 | D:7      | Reached skill level 5 in Invocations
  5076 | D:8      | Noticed Amaemon
  5076 | D:8      | Noticed an orange demon
  5102 | D:8      | Killed Amaemon
  5110 | D:8      | Killed an orange demon
  5157 | D:8      | Identified a scroll of acquirement
  5161 | D:8      | Acquired a manual of Fighting
  5396 | D:8      | Reached **** piety under Okawaru
  5408 | D:8      | Reached skill level 10 in Shields
  5808 | D:8      | Found a transporter.
  5810 | D:8      | Found a transporter.
  5810 | D:8      | Noticed a boulder beetle
  5853 | D:8      | Killed a boulder beetle
  5853 | D:8      | Received a gift from Okawaru
  5882 | D:8      | Reached XP level 11. HP: 54/89 MP: 16/16
  5992 | D:9      | Found a hide-covered altar of Uskayaw.
  5996 | D:9      | Noticed a soul eater
  5998 | D:9      | Noticed a sixfirhy
  6000 | D:9      | HP: 1/89 [sixfirhy[a kobold demonologist] (9)]
  6001 | D:9      | Mangled by a soul eater

Illustrated notes

Levels and vault maps discovered:
D:1:      wander_arrival_estate, layout_loops_ring, serial_shops, shop
D:2:      layout_loops_ring, serial_park_tiny_2, corexii_hall_statues_i
D:3:      layout_basic, nicolae_wu_jian_glorious_leap, uniq_natasha
D:4:      layout_basic, uniq_blork_the_orc
D:5:      layout_gridville, minmay_temple_entry_enclosed_plants, serial_shops,
          nicolae_shop_advertising_works [nicolae_subvault_shop_adworks],
          gup_sewer_entry_spiral, minmay_crystal_room, nicolae_grassy_gnolls
D:6:      layout_gridville, minmay_microvault, uniq_edmund
D:7:      layout_cave_pools, lemuel_tele_altar
D:8:      gammafunk_boulding_lane, layout_basic, minmay_chambers_of_fives,
          uniq_amaemon
D:9:      layout_basic, eat_drink_and_be_merry_uskayaw
Temple:   compressed_dpeg_triangle_lava_temple

Skill      XL: |  1  2  3  4  5  6  7  8  9 10 11 |
---------------+----------------------------------+-----
Fighting       | 4 5 6 7 9 |  9.5
Armour         | 4 5 6 7 8 |  8.8
Shields        | 5 6 7 9 10 | 10.5
Axes           | 3 4 5 6 7 |  7.7
Invocations    | 2 4 6 7 |  7.0

Action                     |  1- 3 |  4- 6 |  7- 9 | 10-12 || total
---------------------------+-------+-------+-------+-------++-------
  Melee: War axe           |   110 |   199 |   286 |       ||   595
         Battleaxe         |       |       |     2 |   151 ||   153
  Throw: Throwing net      |       |       |       |     1 ||     1
 Invoke: Heroism           |       |       |       |     3 ||     3
Ability: Dig               |       |       |     3 |       ||     3
  Evoke: Wand              |       |       |     6 |     5 ||    11
    Use: Potion            |       |     6 |     4 |       ||    10
         Scroll            |       |       |     1 |    13 ||    14
   Stab: Paralysed         |       |       |     2 |     1 ||     3
         Held in net/web   |       |       |       |     2 ||     2
 Armour: Scale mail        |    63 |    83 |    57 |       ||   203
         Chain mail        |       |       |    82 |    81 ||   163
  Dodge: Dodged            |    53 |   110 |   148 |    64 ||   375
  Block: Buckler           |    20 |    50 |    68 |    66 ||   204

Table legend: (Time is in decaauts)
 A = Elapsed time spent in this place.
 B = Non-inter-level travel time spent in this place.
 C = Inter-level travel time spent in this place.
 D = Time resting spent in this place.
 E = Time spent auto-exploring this place.
 F = Levels seen in this place.
 G = Mean time per level.
                   A        B        C        D        E       F      G
               +--------+--------+--------+--------+--------+-----+--------+
         Total |   6295 |   5927 |    368 |    151 |      0 |  11 |  572.3 |
       Dungeon |   6045 |   5691 |    354 |    151 |      0 |   9 |  671.7 |
        Temple |     88 |     74 |     14 |      0 |      0 |   1 |   88.0 |
         Sewer |    161 |    161 |      0 |      0 |      0 |   1 |  161.0 |
               +--------+--------+--------+--------+--------+-----+--------+

Top non-repeatable levels by time:
     D:5: 951 daAuts
     D:8: 947 daAuts
     D:6: 892 daAuts
     D:3: 842 daAuts
     D:2: 593 daAuts
     D:1: 580 daAuts
     D:7: 571 daAuts
     D:4: 564 daAuts
   Sewer: 161 daAuts
     D:9: 102 daAuts
  Temple: 88 daAuts
